Map: Deathaura LE

Players

SpeCial - Winner!

  • Race: Terran Terran
  • Spawn Location: 11:00

Kelazhur

  • Race: Terran Terran
  • League: Master
  • Spawn Location: 5:00

Event: DreamHack SC2 Masters 2020 Fall

VOD

Have the link to the VOD?

Description

Time

  • Played on: Aug. 30, 2020, 3:55 p.m.
  • Length: 19:16

All games in this series

Show
View Real Time Build Order
Export as new Build Order

SpeCial Terran - Winner!

Build Orders: 1/1/1 

Get SALT Encoding   

  12  0:00  SCV  
  13  0:12  SCV  
  14  0:17  Supply Depot  
  14  0:24  SCV  
  15  0:38  SCV  
  15  0:40  Barracks  
  16  0:43  Refinery  
  16  0:50  SCV  
  16  0:53  Refinery  
  17  1:02  SCV  
  18  1:15  SCV  
  19  1:28  Reaper  
  19  1:29  Orbital Command  
  19  1:30  Supply Depot  
  20  1:41  Factory  
  20  1:54  SCV  
  20  2:00  Barracks Reactor  
  21  2:06  SCV  
  22  2:18  SCV  
  23  2:26  Hellion  
  23  2:29  Starport  
  25  2:31  SCV  
  25  2:36  Reaper x2  
  28  2:37  Supply Depot  
  28  2:43  SCV  
  29  2:49  Hellion  
  31  2:59  SCV  
  32  3:07  Medivac  
  32  3:08  Supply Depot, Reaper x2  
  32  3:10  Hellion  
  32  3:11  SCV  
  37  3:32  Command Center  
  37  3:33  SCV  
  38  3:36  Factory Tech Lab  
  38  3:40  Marine x2  
  40  3:43  Starport Tech Lab  
  40  3:46  SCV  
  41  3:58  Supply Depot  
  41  4:01  Raven  
  44  4:02  SCV  
  44  4:10  Marine  
  44  4:13  Marine  
  44  4:17  Siege Tank  
  44  4:20  SCV  
  48  4:28  Marine  
  44  4:31  Marine  
  44  4:32  Bunker  
  44  4:34  SCV  
  42  4:45  Orbital Command  
  42  4:46  SCV  
  42  4:48  Refinery  
  43  4:55  Viking  
  43  4:59  Viking  
  47  5:06  Siege Tank  
  50  5:08  SCV  
  50  5:12  Marine  
  52  5:16  SCV  
  52  5:20  SCV  
  54  5:27  Viking  
  54  5:28  SCV  
  56  5:29  Viking  
  56  5:30  Marine  
  56  5:37  SCV  
  56  5:40  SCV  
  58  5:48  Marine  
  60  5:50  SCV  
  60  5:54  Supply Depot, Siege Tank  
  60  5:55  Command Center  
  63  6:00  SCV  
  63  6:02  SCV, Viking  
  67  6:04  Viking  
  67  6:06  Marine  
  70  6:13  Refinery  
  70  6:15  Stimpack  
  70  6:18  SCV x2  
  72  6:23  Supply Depot, Marine  
  73  6:29  Siege Tank  
  73  6:30  SCV  
  76  6:38  SCV  
  77  6:41  Viking  
  77  6:45  SCV, Marine  
  80  6:49  Viking  
  80  6:50  SCV  
  83  6:55  Barracks  
  83  6:56  Barracks  
  83  6:57  SCV  
  84  7:02  SCV  
  84  7:03  Marine  
  84  7:06  Siege Tank  
  84  7:07  Orbital Command  
  84  7:08  Supply Depot  
  89  7:09  SCV  
  89  7:15  SCV  
  91  7:17  Viking  
  91  7:18  Engineering Bay x2  
  93  7:24  Viking  
  93  7:27  Orbital Command  
  93  7:28  SCV x2  
  93  7:29  Marine  
  98  7:39  Supply Depot  
  98  7:40  SCV  
  99  7:47  Marine, Siege Tank  
  99  7:48  SCV  
  104  7:52  SCV  
  104  7:57  SCV  
  104  7:58  Viking  
  108  8:00  Viking  
  108  8:01  SCV  
  105  8:13  SCV x3  
  105  8:15  Terran Infantry Weapons Level 1, Terran Infantry Armor Level 1  
  105  8:16  Supply Depot  
  108  8:20  Marine  
  108  8:22  Barracks Reactor  
  108  8:24  Barracks Reactor  
  109  8:31  SCV x3, Refinery x2  
  112  8:35  Supply Depot x2, Command Center, Medivac  
  112  8:36  Medivac  
  112  8:40  Combat Shield  
  112  8:41  Marine  
  116  8:43  SCV  
  116  8:44  SCV x2  
  120  8:50  Starport  
  120  8:52  Starport  
  120  8:55  SCV  
  121  8:56  SCV x2  
  121  9:01  Supply Depot  
  121  9:02  Marine x5  
  128  9:09  SCV  
  129  9:10  SCV  
  129  9:13  Viking  
  129  9:16  Viking  
  133  9:19  Marine  
  133  9:20  SCV, Marine  
  133  9:22  SCV x2  
  138  9:29  Supply Depot  
  138  9:30  Sensor Tower  
  138  9:31  Armory  
  138  9:32  Armory, Starport Reactor x2  
  138  9:39  Marine  
  138  9:40  Marine x4  
  142  9:48  Orbital Command  
  142  9:50  SCV x3  
  144  9:52  Viking  
  144  9:53  Viking  
  144  9:57  Marine x2  
  149  10:06  SCV  
  149  10:07  SCV x2  
  152  10:09  Siege Tank  
  152  10:11  Fusion Core  
  155  10:14  Refinery x2  
  155  10:22  Viking  
  155  10:23  Viking x2  
  155  10:24  Viking x3  
  167  10:28  Terran Ship Weapons Level 1  
  167  10:34  Terran Vehicle And Ship Armor Level 1  
  167  10:46  Supply Depot  
  167  10:47  Command Center  
  167  10:50  Siege Tank  
  167  10:55  Viking  
  172  10:59  Command Center  
  172  11:08  Viking x3  
  178  11:13  Supply Depot  
  178  11:18  Starport  
  178  11:20  Starport  
  178  11:23  Viking, Supply Depot  
  180  11:28  Viking  
  180  11:31  Liberator  
  173  11:41  Viking x3  
  173  11:44  Siege Tank  
  182  11:53  Viking  
  184  11:55  Command Center  
  184  11:58  Viking, Starport Tech Lab  
  184  12:00  Starport Tech Lab  
  186  12:01  Starport Tech Lab  
  186  12:02  Orbital Command  
  186  12:13  Viking, Liberator x2  
  186  12:14  Refinery  
  194  12:18  Siege Tank  
  193  12:23  Liberator  
  193  12:25  Factory  
  193  12:26  Factory  
  193  12:29  Orbital Command  
  196  12:43  Missile Turret  
  196  12:44  Missile Turret  
  196  12:45  Advanced Ballistics  
  196  12:50  Siege Tank  
  199  12:58  Missile Turret  
  199  12:59  Missile Turret  
  199  13:04  Corvid Reactor  
  199  13:09  Liberator  
  199  13:12  Orbital Command  
  199  13:15  Factory Tech Lab x2  
  199  13:21  Missile Turret  
  199  13:22  Command Center  
  199  13:31  Terran Ship Weapons Level 2, Terran Vehicle And Ship Armor Level 2  
  193  13:41  Siege Tank  
  193  13:42  Siege Tank  
  199  13:52  Starport  
  199  13:53  Missile Turret, Starport  
  199  13:55  Viking x5  
  196  13:56  Raven  
  196  13:57  Raven, Missile Turret  
  196  13:59  Viking  
  179  14:12  Siege Tank  
  182  14:24  Marine  
  181  14:25  Viking x4  
  169  14:32  Viking x3  
  169  14:33  Siege Tank  
  169  14:36  Viking  
  175  14:39  Viking  
  175  14:43  Viking  
  175  14:46  Orbital Command  
  175  14:50  Refinery  
  173  14:55  Viking  
  173  14:56  Missile Turret  
  173  14:58  Missile Turret  
  171  15:01  Missile Turret  
  171  15:06  Viking  
  171  15:07  Viking x2  
  174  15:09  Missile Turret, Banshee  
  174  15:10  Viking  
  181  15:15  Siege Tank x2  
  187  15:24  Battlecruiser  
  181  15:36  Starport Tech Lab x2  
  181  15:40  Refinery  
  181  15:52  Weapon Refit  
  177  16:00  Viking x4  
  177  16:01  Viking x2  
  177  16:04  Viking x2  
  169  16:13  Siege Tank  
  158  16:29  Battlecruiser  
  158  16:32  Siege Tank  
  165  16:42  Siege Tank  
  165  16:46  Viking x2  
  172  16:50  Command Center  
  172  16:52  Viking x3  
  174  16:55  Viking  
  174  17:00  Missile Turret  
  170  17:17  Smart Servos  
  170  17:18  Siege Tank  
  170  17:19  Siege Tank  
  168  17:23  Viking x2  
  168  17:24  Viking x2  
  168  17:26  Viking  
  174  17:35  Command Center  
  174  17:38  Missile Turret, Command Center  
  174  17:39  Siege Tank  
  176  17:55  Siege Tank  
  176  17:56  Siege Tank  
  179  18:12  Siege Tank  
  180  18:22  SCV x2  
  180  18:25  Viking  
  180  18:26  Viking  
  180  18:27  Siege Tank  
  180  18:28  Siege Tank  
  180  18:31  Viking  
  188  18:35  Viking x2  
  196  18:45  Viking  
Show
View Real Time Build Order
Export as new Build Order

Kelazhur Terran 

Build Orders:  

Get SALT Encoding   

  12  0:00  SCV  
  13  0:12  SCV  
  14  0:17  Supply Depot  
  14  0:24  SCV  
  15  0:38  SCV  
  15  0:39  Barracks  
  16  0:42  Refinery  
  16  0:50  SCV  
  16  0:52  Refinery  
  17  1:02  SCV  
  18  1:15  SCV  
  19  1:26  Reaper  
  19  1:27  Orbital Command  
  19  1:28  Supply Depot  
  20  1:41  Factory  
  20  1:53  SCV  
  21  1:58  Reaper  
  22  2:06  SCV  
  23  2:20  Command Center  
  23  2:23  SCV  
  23  2:29  Hellion  
  26  2:35  Starport  
  26  2:38  SCV  
  26  2:42  Barracks Reactor  
  27  2:52  Supply Depot, Factory Tech Lab  
  27  2:54  SCV  
  28  3:06  SCV  
  29  3:13  Cyclone  
  32  3:21  Refinery  
  32  3:26  SCV  
  29  3:32  Viking x2  
  29  3:33  Marine  
  34  3:39  Orbital Command  
  33  3:49  SCV  
  33  3:50  Siege Tank  
  33  3:52  Marine  
  38  4:08  Viking  
  40  4:14  SCV x2  
  42  4:21  Viking  
  44  4:25  Refinery  
  44  4:26  SCV x2  
  43  4:38  SCV x2  
  44  4:43  Siege Tank  
  47  4:48  Supply Depot  
  47  4:50  SCV x2  
  49  4:58  Marine  
  50  5:00  Supply Depot  
  50  5:02  SCV  
  50  5:03  SCV  
  50  5:04  Viking  
  54  5:10  Viking  
  54  5:11  Supply Depot  
  56  5:14  SCV  
  56  5:17  SCV  
  58  5:23  Siege Tank  
  58  5:26  SCV  
  58  5:27  Supply Depot  
  62  5:29  SCV  
  57  5:38  SCV  
  57  5:41  Viking, SCV  
  59  5:50  Viking, SCV  
  59  5:54  SCV  
  59  5:55  Siege Tank  
  66  6:03  SCV  
  67  6:06  SCV  
  68  6:11  Viking  
  68  6:17  SCV  
  71  6:18  Command Center  
  71  6:19  SCV  
  71  6:22  Viking  
  74  6:29  SCV  
  74  6:31  SCV, Refinery  
  74  6:32  Siege Tank  
  79  6:36  Supply Depot  
  79  6:41  SCV  
  79  6:45  SCV  
  78  6:47  Viking  
  78  6:50  Supply Depot  
  78  6:52  Viking  
  78  6:54  SCV  
  83  6:57  SCV  
  83  6:58  Engineering Bay  
  84  7:06  SCV  
  84  7:07  Supply Depot  
  84  7:08  Siege Tank  
  88  7:09  SCV  
  88  7:13  Starport  
  89  7:16  Refinery  
  89  7:18  SCV, Refinery  
  89  7:21  SCV  
  89  7:22  Viking  
  93  7:27  Viking  
  95  7:30  SCV  
  95  7:32  Orbital Command  
  95  7:33  SCV  
  97  7:37  Barracks Reactor  
  97  7:42  Factory  
  97  7:43  SCV  
  98  7:45  SCV  
  98  7:49  Siege Tank  
  102  7:53  Viking  
  102  7:55  SCV  
  102  7:57  SCV  
  106  8:00  Viking  
  106  8:03  SCV  
  109  8:07  SCV, Viking  
  109  8:10  SCV  
  109  8:15  SCV  
  109  8:17  Armory  
  109  8:19  SCV  
  111  8:22  SCV  
  111  8:23  Supply Depot, Siege Tank  
  115  8:28  SCV  
  115  8:31  SCV  
  115  8:34  SCV  
  117  8:36  Viking  
  117  8:37  Sensor Tower  
  117  8:39  Missile Turret x2  
  117  8:40  Viking  
  123  8:54  Factory Tech Lab  
  123  8:55  Sensor Tower, Siege Tank  
  121  8:57  Viking, Command Center  
  121  9:00  Viking  
  128  9:08  Missile Turret  
  128  9:09  Supply Depot  
  128  9:11  Terran Vehicle Weapons Level 1, Missile Turret x2  
  128  9:13  Missile Turret  
  128  9:16  Viking x2  
  132  9:20  SCV  
  133  9:25  SCV x2, Supply Depot  
  133  9:28  Missile Turret  
  133  9:29  Viking  
  137  9:34  Siege Tank x2  
  140  9:51  Viking x3  
  146  9:53  Supply Depot  
  146  10:10  Factory  
  146  10:12  SCV x3, Factory  
  146  10:13  Siege Tank x2  
  146  10:14  Refinery  
  155  10:18  Supply Depot  
  155  10:19  Supply Depot  
  155  10:22  Viking x2  
  155  10:28  Refinery  
  159  10:30  Planetary Fortress  
  159  10:32  SCV x3  
  162  10:41  Armory  
  162  10:49  Siege Tank  
  165  10:52  Command Center  
  165  10:57  Factory Tech Lab x2  
  165  10:58  Viking, Command Center  
  165  11:01  Siege Tank  
  170  11:11  Terran Vehicle Weapons Level 2  
  170  11:17  Missile Turret  
  170  11:20  Mag-Field Accelerator  
  170  11:27  Viking x2  
  170  11:29  Viking x2  
  168  11:35  Cyclone x2  
  168  11:40  Cyclone  
  168  11:45  Cyclone  
  174  11:49  Terran Vehicle And Ship Armor Level 1  
  174  12:05  Command Center  
  174  12:06  Missile Turret  
  174  12:10  Missile Turret, Siege Tank x2  
  174  12:11  Viking  
  174  12:12  Siege Tank  
  174  12:13  Viking, Missile Turret  
  177  12:25  Cyclone  
  177  12:26  Viking x2  
  187  12:46  Missile Turret  
  187  12:48  Missile Turret  
  187  12:49  Missile Turret x2  
  187  12:50  Viking x2  
  191  12:52  Missile Turret  
  191  12:54  Smart Servos  
  191  12:56  Viking  
  187  13:01  Viking  
  186  13:11  Cyclone x4  
  195  13:20  Viking x2  
  195  13:26  Viking  
  200  13:53  Viking  
  200  13:54  Viking  
  198  13:56  Viking  
  198  13:58  Viking  
  186  14:20  Terran Ship Weapons Level 1  
  186  14:23  Viking  
  174  14:24  Viking  
  174  14:25  Viking  
  174  14:29  Viking  
  185  14:40  Cyclone x4, Refinery  
  185  14:42  Refinery  
  179  14:47  Starport  
  179  14:48  Starport  
  179  14:51  Hi-Sec Auto Tracking  
  179  14:52  Missile Turret  
  179  14:53  Viking  
  179  14:56  Missile Turret  
  179  14:57  Missile Turret  
  179  14:58  Viking x2  
  180  15:02  Planetary Fortress  
  180  15:12  Viking, Cyclone  
  178  15:22  Missile Turret  
  178  15:23  Viking  
  165  15:31  Viking  
  165  15:33  Cyclone x3  
  161  15:38  Viking  
  161  15:39  Viking x2  
  161  15:42  Viking  
  166  15:44  Cyclone  
  169  15:53  Viking  
  159  16:01  Viking  
  131  16:05  Cyclone  
  131  16:08  Viking x2  
  131  16:09  Viking  
  140  16:12  Viking  
  140  16:16  Siege Tank x2  
  140  16:18  Siege Tank  
  137  16:23  Viking  
  135  16:39  Cyclone  
  135  16:40  Factory  
  135  16:42  Factory  
  135  16:48  Cyclone  
  138  16:57  Cyclone x2  
  142  17:02  Viking x2  
  144  17:11  Cyclone  
  132  17:20  Cyclone  
  118  17:24  SCV  
  118  17:25  SCV x4  
  118  17:29  Cyclone x2  
  129  17:30  Viking x2  
  129  17:36  SCV  
  136  17:37  SCV x3  
  136  17:42  SCV  
  136  17:43  Cyclone  
  141  17:45  Command Center  
  141  17:49  SCV  
  142  17:57  Missile Turret  
  142  17:59  Sensor Tower  
  142  18:02  Viking  
  142  18:05  Viking  
  146  18:09  Viking  
  145  18:14  Viking  
  145  18:16  Viking  
  149  18:25  Viking  
  139  18:33  Cyclone x2  
  139  18:34  Cyclone x2  

Tags
 
Add a new tag
Caveats
  • Supply blocks, unpowered buildings, or Contaminate may cause inaccurate times.
  • Supply counts are checked every 10 seconds.